Map: Lerilak Crest

Players

Dayshi

  • Race: Terran Terran
  • League: Grandmaster

Nerchio - Winner!

  • Race: Zerg Zerg
  • League: Grandmaster

Event: 2016 WCS Winter Challenger Europe

VOD

Have the link to the VOD?

Description

Time

  • Played on: Feb. 13, 2016, 12:25 p.m.
  • Length: 9:13

All games in this series

Show
View Real Time Build Order
Export as new Build Order

Dayshi Terran 

Build Orders: MMM Bio 

Get SALT Encoding   

  12  0:00  SCV  
  13  0:13  SCV  
  14  0:17  Supply Depot  
  14  0:25  SCV  
  15  0:39  SCV  
  15  0:40  Barracks  
  16  0:43  Refinery  
  16  0:51  SCV  
  17  1:03  SCV  
  18  1:15  SCV  
  19  1:27  Orbital Command  
  19  1:31  Barracks Reactor  
  19  1:40  Command Center  
  19  1:47  Supply Depot  
  19  1:53  SCV  
  20  2:06  Factory  
  20  2:07  Marine  
  22  2:08  Marine  
  22  2:11  SCV  
  23  2:19  Refinery  
  23  2:23  SCV  
  23  2:25  Marine  
  23  2:26  Marine  
  26  2:35  SCV  
  27  2:44  Marine x2  
  27  2:49  SCV  
  27  2:51  Factory Tech Lab, Starport  
  30  2:56  Orbital Command  
  30  3:02  Marine x2  
  32  3:06  SCV  
  33  3:13  Siege Tank  
  33  3:18  Supply Depot  
  36  3:21  SCV  
  36  3:24  SCV  
  38  3:29  Medivac  
  38  3:31  Marine x2  
  42  3:38  SCV x2  
  44  3:42  Supply Depot  
  44  3:50  SCV x2  
  44  3:52  Siege Tank  
  49  3:56  Marine x2  
  49  4:02  SCV  
  52  4:03  SCV  
  53  4:11  Supply Depot  
  53  4:12  Barracks  
  53  4:14  SCV  
  53  4:15  SCV  
  55  4:18  Marine x2  
  57  4:27  SCV x2  
  59  4:42  SCV  
  52  4:46  Marine x2  
  52  4:48  Siege Tank, Command Center  
  52  4:51  SCV  
  58  5:00  Viking  
  58  5:02  Supply Depot  
  58  5:03  SCV x2  
  58  5:06  Barracks Tech Lab  
  62  5:09  Marine x2  
  64  5:15  SCV x2  
  64  5:19  Refinery  
  64  5:20  Refinery  
  66  5:27  Stimpack  
  66  5:28  Engineering Bay  
  66  5:30  Engineering Bay  
  66  5:34  SCV  
  65  5:37  SCV  
  65  5:38  Marine x2  
  68  5:46  Siege Tank  
  68  5:47  Marauder, SCV  
  74  5:51  SCV  
  74  5:56  Terran Infantry Weapons Level 1, Terran Infantry Armor Level 1  
  74  5:59  SCV  
  74  6:00  Orbital Command  
  74  6:03  SCV  
  76  6:04  Marine  
  76  6:05  Marine  
  76  6:09  Starport Reactor  
  76  6:11  SCV  
  79  6:14  Barracks  
  79  6:16  SCV  
  79  6:17  Barracks  
  80  6:23  SCV  
  80  6:26  Marine x2  
  80  6:27  Marauder  
  80  6:28  SCV  
  80  6:29  Siege Tank, SCV  
  89  6:35  SCV  
  89  6:38  Barracks  
  90  6:40  SCV  
  90  6:41  SCV  
  92  6:47  SCV  
  92  6:52  Supply Depot  
  92  6:53  Supply Depot  
  93  6:58  Marine  
  93  7:03  Marine  
  93  7:06  Barracks Tech Lab  
  93  7:07  Barracks Reactor, Command Center  
  93  7:09  Refinery  
  93  7:10  Refinery  
  93  7:14  SCV x3, Medivac x2  
  100  7:17  Armory  
  100  7:22  Supply Depot  
  99  7:23  Marauder, Marine x2  
  99  7:26  SCV x3  
  99  7:27  Marauder, Combat Shields  
  99  7:29  Barracks Tech Lab  
  108  7:32  Barracks  
  108  7:35  Supply Depot  
  108  7:37  Supply Depot  
  108  7:42  SCV  
  108  7:43  SCV x2  
  108  7:44  Medivac x2  
  115  7:46  Marine x2  
  115  7:49  Supply Depot  
  117  7:52  Concussive Shells  
  117  7:56  Marauder x3, Marine  
  123  8:07  Marine x3  
  123  8:11  Missile Turret  
  121  8:14  Marine  
  121  8:17  Marine  
  121  8:18  Marauder x2  
  126  8:25  Marine x3  
  125  8:34  SCV x3  
  124  8:37  Orbital Command  
  123  8:46  SCV x2  
  129  8:58  Supply Depot  
  129  9:00  SCV  
  129  9:01  SCV x2  
Show
View Real Time Build Order
Export as new Build Order

Nerchio Zerg - Winner!

Build Orders: Pool First 

Get SALT Encoding   

  12  0:01  Drone  
  13  0:12  Overlord  
  13  0:17  Drone  
  14  0:30  Drone x2  
  14  0:34  Drone  
  17  0:46  Spawning Pool  
  17  0:48  Drone  
  17  0:55  Drone  
  18  1:12  Hatchery  
  18  1:16  Drone  
  18  1:20  Drone  
  18  1:21  Extractor  
  18  1:32  Queen  
  20  1:34  Zergling x2  
  20  1:39  Drone  
  22  1:49  Overlord  
  22  2:08  Drone, Queen  
  25  2:11  Drone  
  26  2:21  Overlord  
  26  2:22  Metabolic Boost  
  26  2:25  Queen  
  28  2:30  Drone  
  28  2:33  Drone  
  28  2:35  Drone  
  31  2:40  Drone  
  31  2:42  Drone  
  31  2:43  Drone  
  34  2:46  Drone  
  34  2:49  Drone  
  36  2:56  Drone  
  36  2:57  Drone  
  37  3:09  Hatchery  
  37  3:11  Zergling x2  
  37  3:16  Roach Warren  
  37  3:19  Drone  
  37  3:20  Drone  
  37  3:22  Drone  
  37  3:25  Drone  
  40  3:28  Drone x2  
  40  3:32  Overlord  
  42  3:38  Overlord  
  42  3:39  Extractor  
  41  3:48  Drone, Spore Crawler  
  42  3:51  Drone x2  
  42  3:54  Drone  
  44  3:57  Roach x3  
  44  4:00  Roach  
  44  4:02  Drone  
  53  4:06  Drone  
  53  4:08  Drone  
  56  4:10  Drone  
  56  4:14  Roach  
  58  4:19  Roach  
  58  4:20  Overlord  
  58  4:23  Ravager  
  61  4:24  Zergling x2  
  61  4:25  Zergling x4, Ravager  
  61  4:26  Zergling x2  
  66  4:33  Overlord  
  65  4:38  Zergling x2  
  65  4:39  Zergling x2  
  62  4:45  Drone  
  62  4:46  Drone x4  
  62  4:49  Drone  
  62  4:50  Drone x3  
  62  4:52  Extractor  
  69  4:53  Lair  
  69  4:54  Drone  
  69  4:57  Extractor  
  69  5:00  Drone x2  
  69  5:04  Queen  
  69  5:06  Overlord  
  73  5:09  Drone  
  73  5:12  Overlord  
  74  5:17  Overlord  
  74  5:20  Overlord  
  74  5:29  Drone x8  
  74  5:32  Extractor  
  74  5:33  Extractor  
  74  5:34  Drone  
  80  5:35  Drone  
  80  5:39  Evolution Chamber x2  
  79  5:43  Drone  
  79  5:44  Drone  
  79  5:46  Drone  
  82  5:50  Drone  
  82  5:52  Overlord  
  82  5:54  Glial Reconstitution  
  82  5:56  Drone x3  
  86  6:02  Drone  
  86  6:04  Spire, Drone  
  88  6:07  Drone x2  
  88  6:18  Roach  
  90  6:19  Roach  
  90  6:21  Roach  
  94  6:26  Roach x3  
  94  6:29  Overlord  
  94  6:30  Overlord  
  100  6:33  Hatchery  
  100  6:34  Zerg Melee Weapons Level 1  
  100  6:36  Zerg Ground Armor Level 1  
  100  6:38  Overlord  
  99  6:42  Overlord  
  99  6:54  Infestation Pit  
  98  7:16  Mutalisk x4  
  98  7:17  Mutalisk x7  
  98  7:18  Overlord  
  98  7:19  Roach  
  98  7:20  Roach  
  124  7:23  Roach x2  
  124  7:25  Roach  
  124  7:27  Roach  
  132  7:33  Roach  
  132  7:34  Roach x2  
  132  7:35  Overlord  
  132  7:36  Overlord  
  138  7:38  Overlord  
  138  7:45  Hive  
  138  7:47  Drone x2  
  138  7:48  Drone  
  141  7:52  Infestor  
  141  7:58  Roach x3  
  149  7:59  Roach  
  149  8:00  Extractor  
  149  8:03  Extractor  
  149  8:06  Roach x3  
  155  8:14  Overlord  
  155  8:26  Roach x3  
  161  8:29  Overlord  
  161  8:37  Zergling x6  
  162  8:44  Roach x2  
  162  8:45  Overlord x2, Roach  
  162  8:47  Drone x3  
  171  8:49  Overlord  
  171  8:52  Ravager x4  
  171  8:53  Overlord  
Tags
 
Add a new tag
Caveats
  • Supply blocks, unpowered buildings, or Contaminate may cause inaccurate times.
  • Supply counts are checked every 10 seconds.